[Event "ESTCC-65 2025"]
[Site "Swidnica"]
[Date "2025.04.11"]
[Round "7.7"]
[White "Mueller, Gerhard"]
[Black "Vatter, Hans-Joachim"]
[Result "1/2-1/2"]
[Annotator "ChessBase"]
[ECO "D01"]
[WhiteElo "2052"]
[BlackElo "2192"]
[PlyCount "25"]
[EventDate "2025.04.05"]
[EventType "team-tourn"]
[EventCountry "POL"]
[SourceTitle "playchess.com"]
[Source "ChessBase"]
[SourceQuality "1"]
[WhiteTeam "Germany"]
[BlackTeam "Germany"]
[WhiteTeamCountry "GER"]
[BlackTeamCountry "GER"]
[TimeControl "40/5400+30:1800+30"]

1. d4 Nf6 2. Nc3 d5 3. Bg5 Bf5 4. e3 e6 5. Bd3 Bxd3 6. cxd3 c5 7. dxc5 Bxc5 8. d4 Bd6 9. Qb3 Qe7 10. Nf3 O-O 11. O-O Nc6 12. Nb5 Rad8 13. Nxd6 1/2-1/2

[Event "ESTCC-65 2025"]
[Site "Swidnica"]
[Date "2025.04.11"]
[Round "7.8"]
[White "Vogel, Robert"]
[Black "Becker, Norbert"]
[Result "1-0"]
[Annotator "NA"]
[ECO "E25"]
[WhiteElo "2145"]
[BlackElo "2032"]
[PlyCount "67"]
[EventDate "2025.04.05"]
[EventType "team-tourn"]
[EventCountry "POL"]
[SourceTitle "playchess.com"]
[Source "ChessBase"]
[SourceQuality "1"]
[WhiteTeam "Germany"]
[BlackTeam "Germany"]
[WhiteTeamCountry "GER"]
[BlackTeamCountry "GER"]
[TimeControl "40/5400+30:1800+30"]

1. d4 Nf6 2. c4 e6 3. Nc3 Bb4 4. f3 d5 5. a3 Bxc3+ 6. bxc3 c5 7. cxd5 exd5 8. e3 Nc6 9. Bd3 Be6 10. Ne2 Rc8 11. O-O Qd7 12. Kh1 c4 13. Bc2 Bf5 14. Ng3 Bxc2 15. Qxc2 O-O 16. e4 Na5 17. Be3 Ne8 18. Rae1 Nc7 19. Nf5 g6 20. Nh6+ Kh8 21. e5 Ne6 22. f4 f5 23. exf6 Rxf6 24. Ng4 Rff8 25. Ne5 Qg7 26. g4 Nc7 27. f5 g5 28. Nf3 h6 29. Ne5 Rf6 30. Bf2 Kh7 31. Bg3 Rd8 32. Ng6 Nc6 33. Be5 Qf7 34. Rb1 1-0

[Event "ESTCC-65 2025"]
[Site "Swidnica"]
[Date "2025.04.11"]
[Round "7.9"]
[White "Nunn, John D M"]
[Black "Sandner, Gunter"]
[Result "1-0"]
[Annotator "ChessBase"]
[ECO "B33"]
[WhiteElo "2528"]
[BlackElo "2243"]
[PlyCount "81"]
[EventDate "2025.04.05"]
[EventType "team-tourn"]
[EventCountry "POL"]
[SourceTitle "playchess.com"]
[Source "ChessBase"]
[SourceQuality "1"]
[WhiteTeam "England"]
[BlackTeam "Germany"]
[WhiteTeamCountry "ENG"]
[BlackTeamCountry "GER"]
[TimeControl "40/5400+30:1800+30"]

1. e4 c5 2. Nf3 Nc6 3. d4 cxd4 4. Nxd4 Nf6 5. Nc3 e5 6. Ndb5 d6 7. Bg5 a6 8. Na3 b5 9. Nd5 Be7 10. Bxf6 Bxf6 11. c3 O-O 12. Nc2 Rb8 13. h4 g6 14. Nce3 Bg7 15. h5 Ne7 16. g3 Nxd5 17. Nxd5 Be6 18. a3 Qd7 19. Qd2 Qb7 20. hxg6 hxg6 21. Rd1 Bxd5 22. Qxd5 Qxd5 23. Rxd5 Rb6 24. Bh3 Rfb8 25. Kd2 Bf6 26. Kc2 Kf8 27. Bf1 Ke7 28. Be2 Rc8 29. Kb3 Rc5 30. Kb4 Rbc6 31. a4 bxa4 32. Kxa4 Rxd5 33. exd5 Rc5 34. Rd1 Rc8 35. Ka5 e4 36. Bxa6 Bxc3+ 37. bxc3 Rxc3 38. Rd2 Kf6 39. Kb4 Rf3 40. Bc8 e3 41. Rd3 1-0

[Event "ESTCC-65 2025"]
[Site "Swidnica"]
[Date "2025.04.11"]
[Round "7.10"]
[White "Kyas, Juergen"]
[Black "Kosten, Anthony C."]
[Result "1/2-1/2"]
[Annotator "ChessBase"]
[ECO "C24"]
[WhiteElo "2168"]
[BlackElo "2366"]
[PlyCount "41"]
[EventDate "2025.04.05"]
[EventType "team-tourn"]
[EventCountry "POL"]
[SourceTitle "playchess.com"]
[Source "ChessBase"]
[SourceQuality "1"]
[WhiteTeam "Germany"]
[BlackTeam "England"]
[WhiteTeamCountry "GER"]
[BlackTeamCountry "ENG"]
[TimeControl "40/5400+30:1800+30"]

1. e4 e5 2. Bc4 Nf6 3. d3 c6 4. Nf3 d5 5. Bb3 Bd6 6. exd5 Nxd5 7. O-O Bg4 8. h3 Bh5 9. Nbd2 Nd7 10. Ne4 Bc7 11. Ng3 Bg6 12. Bg5 f6 13. Bd2 Nc5 14. Nh4 Nxb3 15. axb3 Qd7 16. Re1 O-O 17. Nxg6 hxg6 18. Ne4 Bb6 19. Nc3 Rad8 20. Nxd5 Qxd5 21. Be3 1/2-1/2

[Event "ESTCC-65 2025"]
[Site "Swidnica"]
[Date "2025.04.11"]
[Round "7.11"]
[White "Mestel, A Jonathan"]
[Black "Jahnel, Guenther"]
[Result "1-0"]
[Annotator "ChessBase"]
[ECO "B07"]
[WhiteElo "2449"]
[BlackElo "2148"]
[PlyCount "37"]
[EventDate "2025.04.05"]
[EventType "team-tourn"]
[EventCountry "POL"]
[SourceTitle "playchess.com"]
[Source "ChessBase"]
[SourceQuality "1"]
[WhiteTeam "England"]
[BlackTeam "Germany"]
[WhiteTeamCountry "ENG"]
[BlackTeamCountry "GER"]
[TimeControl "40/5400+30:1800+30"]

1. e4 d6 2. d4 Nf6 3. Nc3 g6 4. Be3 c6 5. Qd2 b5 6. Bd3 Bg7 7. Bh6 Bxh6 8. Qxh6 b4 9. Nce2 Qa5 10. Nf3 Nbd7 11. O-O Ba6 12. c4 e5 13. a3 b3 14. Rad1 Rb8 15. c5 exd4 16. cxd6 Bxd3 17. Rxd3 Nxe4 18. Qg7 Rf8 19. Nexd4 1-0

[Event "ESTCC-65 2025"]
[Site "Swidnica"]
[Date "2025.04.11"]
[Round "7.12"]
[White "Dietze, Frank"]
[Black "Large, Peter G"]
[Result "0-1"]
[Annotator "ChessBase"]
[ECO "A40"]
[WhiteElo "2102"]
[BlackElo "2342"]
[PlyCount "62"]
[EventDate "2025.04.05"]
[EventType "team-tourn"]
[EventCountry "POL"]
[SourceTitle "playchess.com"]
[Source "ChessBase"]
[SourceQuality "1"]
[WhiteTeam "Germany"]
[BlackTeam "England"]
[WhiteTeamCountry "GER"]
[BlackTeamCountry "ENG"]
[TimeControl "40/5400+30:1800+30"]

1. d4 e6 2. c4 b6 3. Nc3 Bb7 4. Qc2 Bb4 5. e4 Qh4 6. Bd3 f5 7. g3 Qh5 8. Bd2 Nf6 9. f3 Nc6 10. Nge2 Qxf3 11. Rf1 Qh5 12. exf5 O-O-O 13. O-O-O Rhe8 14. fxe6 dxe6 15. a3 Bf8 16. Bf4 Kb8 17. Nb5 Re7 18. Nxc7 Rxc7 19. Bxc7+ Kxc7 20. d5 exd5 21. Nf4 Qh6 22. Kb1 Kb8 23. cxd5 Ne5 24. Bf5 Bd6 25. Be6 Ba6 26. Rfe1 g5 27. Rxe5 Bxe5 28. d6 Rxd6 29. Rxd6 Bxd6 30. Qc6 Qf8 31. Nd5 Bb7 0-1

[Event "ESTCC-65 2025"]
[Site "Swidnica"]
[Date "2025.04.11"]
[Round "7.13"]
[White "Vadlja, Stjepan"]
[Black "Quinn, John M"]
[Result "0-1"]
[Annotator "NA"]
[ECO "B40"]
[WhiteElo "1697"]
[BlackElo "2073"]
[PlyCount "62"]
[EventDate "2025.04.05"]
[EventType "team-tourn"]
[EventCountry "POL"]
[SourceTitle "playchess.com"]
[Source "ChessBase"]
[SourceQuality "1"]
[WhiteTeam "Croatia"]
[BlackTeam "England"]
[WhiteTeamCountry "CRO"]
[BlackTeamCountry "ENG"]
[TimeControl "40/5400+30:1800+30"]

1. e4 c5 2. Nf3 e6 3. c4 Nc6 4. d3 d6 5. Be2 g6 6. Bd2 Bg7 7. Bc3 e5 8. Na3 Nge7 9. Nc2 O-O 10. Ne3 a6 11. Nd5 b5 12. b3 Nxd5 13. exd5 Nd4 14. O-O f5 15. Nxd4 cxd4 16. Bd2 Bd7 17. Rc1 Qe7 18. Rc2 bxc4 19. bxc4 Ba4 20. Qc1 Bxc2 21. Qxc2 e4 22. Rc1 Rab8 23. dxe4 fxe4 24. Bg4 Qf6 25. Be6+ Kh8 26. Be1 d3 27. Qd2 Rb2 28. Qe3 Re2 29. Qb6 d2 30. Bxd2 Rxd2 31. Qe3 Rxf2 0-1

[Event "ESTCC-65 2025"]
[Site "Swidnica"]
[Date "2025.04.11"]
[Round "7.15"]
[White "Novak, Stjepan"]
[Black "Hewson, Brian W R"]
[Result "0-1"]
[Annotator "NA"]
[ECO "B15"]
[WhiteElo "1671"]
[BlackElo "2066"]
[PlyCount "90"]
[EventDate "2025.04.05"]
[EventType "team-tourn"]
[EventCountry "POL"]
[SourceTitle "playchess.com"]
[Source "ChessBase"]
[SourceQuality "1"]
[WhiteTeam "Croatia"]
[BlackTeam "England"]
[WhiteTeamCountry "CRO"]
[BlackTeamCountry "ENG"]
[TimeControl "40/5400+30:1800+30"]

1. e4 c6 2. Nc3 d5 3. d4 dxe4 4. Nxe4 Nf6 5. Nxf6+ exf6 6. Nf3 Bd6 7. Be2 O-O 8. O-O Re8 9. c3 Nd7 10. b4 Nb6 11. a4 Nd5 12. Qc2 Bg4 13. h3 Bh5 14. Bd1 Bg6 15. Qb3 Bf5 16. a5 Qd7 17. Nh2 Bd3 18. Nf3 Bxf1 19. Kxf1 Nf4 20. Bxf4 Bxf4 21. Ra2 Qe6 22. Qc2 a6 23. Rb2 Re7 24. Be2 Rae8 25. Qd1 Rd8 26. Bd3 g6 27. Be2 Qd5 28. Ne1 Bc7 29. Nf3 Qd6 30. g3 Rde8 31. Qd3 f5 32. Qd1 h5 33. Qc1 Kg7 34. h4 f4 35. gxf4 Qe6 36. Ng1 Qf5 37. Qc2 Qxf4 38. Qd2 Qxh4 39. Qd3 Qg5 40. Rc2 Qf6 41. Qf3 Bf4 42. Qg2 Qf5 43. Rb2 Bc1 44. Ra2 Qb1 45. Qg3 Bf4+ 0-1

[Event "ESTCC-65 2025"]
[Site "Swidnica"]
[Date "2025.04.11"]
[Round "7.16"]
[White "Reynolds, D Ian W"]
[Black "Petanjek, Zvonko"]
[Result "1-0"]
[Annotator "NA"]
[ECO "C44"]
[WhiteElo "1926"]
[BlackElo "1732"]
[PlyCount "73"]
[EventDate "2025.04.05"]
[EventType "team-tourn"]
[EventCountry "POL"]
[SourceTitle "playchess.com"]
[Source "ChessBase"]
[SourceQuality "1"]
[WhiteTeam "England"]
[BlackTeam "Croatia"]
[WhiteTeamCountry "ENG"]
[BlackTeamCountry "CRO"]
[TimeControl "40/5400+30:1800+30"]

1. e4 e5 2. Nf3 Nc6 3. d4 exd4 4. Nxd4 Nxd4 5. Qxd4 Qe7 6. Be2 Qb4+ 7. Qxb4 Bxb4+ 8. Bd2 Bxd2+ 9. Nxd2 Ne7 10. O-O-O d6 11. f4 f6 12. Bf3 O-O 13. Nb3 Rb8 14. Nd4 a6 15. Rhe1 Rd8 16. Ne2 Be6 17. Rd2 Kf8 18. Red1 Ke8 19. Bh5+ g6 20. Bf3 b6 21. g4 a5 22. b3 Bf7 23. h4 h6 24. Ng3 g5 25. fxg5 fxg5 26. h5 Be6 27. Nf5 Bxf5 28. exf5 Ng8 29. Re2+ Kf8 30. Re6 Re8 31. Rg6 Re7 32. Bd5 Rg7 33. Bxg8 Rxg6 34. hxg6 Kxg8 35. Re1 Kf8 36. Re6 Ra8 37. f6 1-0

[Event "ESTCC-65 2025"]
[Site "Swidnica"]
[Date "2025.04.12"]
[Round "8.1"]
[White "Sandner, Gunter"]
[Black "Vadlja, Stjepan"]
[Result "1-0"]
[Annotator "ChessBase"]
[ECO "E09"]
[WhiteElo "2243"]
[BlackElo "1697"]
[PlyCount "65"]
[EventDate "2025.04.05"]
[EventType "team-tourn"]
[EventCountry "POL"]
[SourceTitle "playchess.com"]
[Source "ChessBase"]
[SourceQuality "1"]
[WhiteTeam "Germany"]
[BlackTeam "Croatia"]
[WhiteTeamCountry "GER"]
[BlackTeamCountry "CRO"]
[TimeControl "40/5400+30:1800+30"]

1. d4 d5 2. Nf3 Nf6 3. c4 c6 4. g3 e6 5. Bg2 Be7 6. O-O O-O 7. Qc2 Nbd7 8. Nbd2 Re8 9. e4 dxe4 10. Nxe4 Nxe4 11. Qxe4 Nf6 12. Qe2 c5 13. Be3 Qb6 14. Rfd1 h6 15. Ne5 cxd4 16. Bxd4 Bc5 17. Bc3 a5 18. Rd3 Bb4 19. Bd4 Bc5 20. Rad1 Rb8 21. h4 Qc7 22. g4 g6 23. Qe3 Bxd4 24. Rxd4 Kg7 25. g5 hxg5 26. hxg5 Nh5 27. Rd7 Bxd7 28. Rxd7 Qc8 29. Rxf7+ Kg8 30. Qe4 Nf4 31. Qxf4 Rf8 32. Qf6 Rxf7 33. Qxf7+ 1-0

[Event "ESTCC-65 2025"]
[Site "Swidnica"]
[Date "2025.04.12"]
[Round "8.2"]
[White "Sobocanec, Alojz"]
[Black "Kyas, Juergen"]
[Result "0-1"]
[Annotator "ChessBase"]
[ECO "D80"]
[WhiteElo "1792"]
[BlackElo "2168"]
[PlyCount "70"]
[EventDate "2025.04.05"]
[EventType "team-tourn"]
[EventCountry "POL"]
[SourceTitle "playchess.com"]
[Source "ChessBase"]
[SourceQuality "1"]
[WhiteTeam "Croatia"]
[BlackTeam "Germany"]
[WhiteTeamCountry "CRO"]
[BlackTeamCountry "GER"]
[TimeControl "40/5400+30:1800+30"]

1. d4 Nf6 2. c4 g6 3. Nc3 d5 4. h3 Bg7 5. Nf3 O-O 6. cxd5 Nxd5 7. e4 Nxc3 8. bxc3 c5 9. Be2 Nc6 10. Be3 cxd4 11. cxd4 Qa5+ 12. Bd2 Qa3 13. e5 Rd8 14. Qb3 Qxb3 15. axb3 Be6 16. O-O Bxb3 17. Rab1 Bd5 18. Be3 a5 19. Nd2 a4 20. Bf3 e6 21. Bxd5 Rxd5 22. Nf3 b5 23. Rfc1 Ra6 24. Rc2 h6 25. Rbc1 Ne7 26. g4 Rd8 27. Rb2 Rb8 28. Nd2 Nd5 29. Ne4 Bf8 30. Nf6+ Nxf6 31. exf6 b4 32. Rc4 a3 33. Rbc2 a2 34. Rc8 a1=Q+ 35. Kg2 Raa8 0-1

[Event "ESTCC-65 2025"]
[Site "Swidnica"]
[Date "2025.04.12"]
[Round "8.3"]
[White "Topchii, Gennadii"]
[Black "Novak, Stjepan"]
[Result "1-0"]
[Annotator "NA"]
[ECO "A10"]
[WhiteElo "2012"]
[BlackElo "1671"]
[PlyCount "54"]
[EventDate "2025.04.05"]
[EventType "team-tourn"]
[EventCountry "POL"]
[SourceTitle "playchess.com"]
[Source "ChessBase"]
[SourceQuality "1"]
[WhiteTeam "Germany"]
[BlackTeam "Croatia"]
[WhiteTeamCountry "GER"]
[BlackTeamCountry "CRO"]
[TimeControl "40/5400+30:1800+30"]

1. c4 g6 2. d4 c5 3. Nf3 Bg7 4. Nc3 cxd4 5. Nxd4 Bxd4 6. Qxd4 Nf6 7. e4 Nc6 8. Qd2 O-O 9. Be2 d6 10. O-O Be6 11. b3 a6 12. Bb2 Qc7 13. Rac1 Rac8 14. Rfd1 Bg4 15. Nd5 Nxd5 16. cxd5 Bxe2 17. Qxe2 Nd4 18. Rxd4 Qb6 19. Rdc4 Rxc4 20. Qxc4 f6 21. g3 Kf7 22. Bd4 Qd8 23. Qc7 Qa8 24. Qd7 Re8 25. Rc7 Qd8 26. Qe6+ Kf8 27. Rd7 b5 1-0

[Event "ESTCC-65 2025"]
[Site "Swidnica"]
[Date "2025.04.12"]
[Round "8.4"]
[White "Petanjek, Zvonko"]
[Black "Dietze, Frank"]
[Result "0-1"]
[Annotator "ChessBase"]
[ECO "B30"]
[WhiteElo "1732"]
[BlackElo "2102"]
[PlyCount "73"]
[EventDate "2025.04.05"]
[EventType "team-tourn"]
[EventCountry "POL"]
[SourceTitle "playchess.com"]
[Source "ChessBase"]
[SourceQuality "1"]
[WhiteTeam "Croatia"]
[BlackTeam "Germany"]
[WhiteTeamCountry "CRO"]
[BlackTeamCountry "GER"]
[TimeControl "40/5400+30:1800+30"]

1. e4 c5 2. Nf3 Nc6 3. Nc3 g6 4. d3 Bg7 5. Bd2 Nf6 6. h3 O-O 7. Rb1 e6 8. a3 d5 9. Be2 b6 10. O-O Bb7 11. exd5 exd5 12. Re1 Qd7 13. Nh2 Nd4 14. Be3 Nxe2+ 15. Nxe2 Qc6 16. f3 h5 17. Bf2 Rae8 18. c3 Bc8 19. Ng3 Bh6 20. Qc2 Bd7 21. Rxe8 Rxe8 22. Re1 Rxe1+ 23. Bxe1 Qa4 24. Qxa4 Bxa4 25. Ne2 Bb5 26. Kf1 Bxd3 27. Kf2 Ne8 28. Nf1 Nd6 29. Bd2 Bg7 30. Nc1 Bxf1 31. Kxf1 Nc4 32. Ke2 Nxb2 33. Nd3 Nc4 34. a4 f5 35. Nf4 Nxd2 36. Kxd2 Bh6 37. g3 0-1

[Event "ESTCC-65 2025"]
[Site "Swidnica"]
[Date "2025.04.12"]
[Round "8.5"]
[White "Maier, Christian"]
[Black "Kosten, Anthony C."]
[Result "0-1"]
[Annotator "ChessBase"]
[ECO "C55"]
[WhiteElo "2233"]
[BlackElo "2366"]
[PlyCount "62"]
[EventDate "2025.04.05"]
[EventType "team-tourn"]
[EventCountry "POL"]
[SourceTitle "playchess.com"]
[Source "ChessBase"]
[SourceQuality "1"]
[WhiteTeam "Germany"]
[BlackTeam "England"]
[WhiteTeamCountry "GER"]
[BlackTeamCountry "ENG"]
[TimeControl "40/5400+30:1800+30"]

1. e4 e5 2. Nf3 Nc6 3. Bc4 Nf6 4. d3 d5 5. exd5 Nxd5 6. O-O Nb6 7. Bb3 Bg4 8. Re1 Qe7 9. h3 Bh5 10. a4 a5 11. Be3 O-O-O 12. Nbd2 Nd5 13. c3 Nxe3 14. Rxe3 f5 15. Qf1 Qf6 16. Rae1 Bd6 17. Bd5 Ne7 18. Bxb7+ Kxb7 19. d4 e4 20. Qb5+ Kc8 21. Rxe4 fxe4 22. Nxe4 Qf5 23. Ne5 Bxe5 24. Qa6+ Kd7 25. Nc5+ Ke8 26. Rxe5 Qf6 27. Re6 Qg5 28. Qc6+ Kf7 29. Qxc7 Rc8 30. Qd6 Rhd8 31. Nd7 Ke8 0-1

[Event "ESTCC-65 2025"]
[Site "Swidnica"]
[Date "2025.04.12"]
[Round "8.6"]
[White "Mestel, A Jonathan"]
[Black "Raupp, Thomas"]
[Result "1/2-1/2"]
[Annotator "ChessBase"]
[ECO "C43"]
[WhiteElo "2449"]
[BlackElo "2247"]
[PlyCount "29"]
[EventDate "2025.04.05"]
[EventType "team-tourn"]
[EventCountry "POL"]
[SourceTitle "playchess.com"]
[Source "ChessBase"]
[SourceQuality "1"]
[WhiteTeam "England"]
[BlackTeam "Germany"]
[WhiteTeamCountry "ENG"]
[BlackTeamCountry "GER"]
[TimeControl "40/5400+30:1800+30"]

1. e4 e5 2. Nf3 Nf6 3. d4 Nxe4 4. Bd3 d5 5. Nxe5 Nd7 6. Nxd7 Bxd7 7. O-O Bd6 8. Nc3 Nxc3 9. bxc3 h5 10. Re1+ Kf8 11. Qf3 Bg4 12. Qe3 Rh6 13. Qg5 Re6 14. Rxe6 Qxg5 15. Bxg5 1/2-1/2

[Event "ESTCC-65 2025"]
[Site "Swidnica"]
[Date "2025.04.12"]
[Round "8.7"]
[White "Vatter, Hans-Joachim"]
[Black "Large, Peter G"]
[Result "0-1"]
[Annotator "ChessBase"]
[ECO "B66"]
[WhiteElo "2192"]
[BlackElo "2342"]
[PlyCount "132"]
[EventDate "2025.04.05"]
[EventType "team-tourn"]
[EventCountry "POL"]
[SourceTitle "playchess.com"]
[Source "ChessBase"]
[SourceQuality "1"]
[WhiteTeam "Germany"]
[BlackTeam "England"]
[WhiteTeamCountry "GER"]
[BlackTeamCountry "ENG"]
[TimeControl "40/5400+30:1800+30"]

1. e4 c5 2. Nf3 d6 3. d4 cxd4 4. Nxd4 Nf6 5. Nc3 Nc6 6. Bg5 e6 7. Qd2 a6 8. O-O-O h6 9. Bf4 Bd7 10. Nxc6 Bxc6 11. Bxd6 Bxd6 12. Qxd6 Qxd6 13. Rxd6 Bxe4 14. f3 Bd5 15. Rb6 Bc6 16. Bd3 Ke7 17. Be4 Nxe4 18. Nxe4 Rhc8 19. Rd1 Rd8 20. Rb4 Rxd1+ 21. Kxd1 Rd8+ 22. Ke1 a5 23. Rb3 Rd4 24. Nd2 g5 25. Rd3 Rh4 26. h3 b5 27. a3 Bd5 28. Kf2 h5 29. Nf1 Rf4 30. Ne3 Bc6 31. c3 Ra4 32. Nc2 Bd5 33. Rd4 Rc4 34. Ne3 Rxd4 35. cxd4 Bb3 36. g3 h4 37. gxh4 gxh4 38. Ng2 Kd6 39. Nxh4 Kd5 40. Ke3 Kc4 41. f4 Bc2 42. Nf3 Kb3 43. d5 exd5 44. Nd4+ Kxb2 45. Nxb5 Ba4 46. Nc7 Kxa3 47. Nxd5 Bd1 48. Nc3 Bh5 49. Kd4 Kb3 50. f5 Bf3 51. Nb1 Bd1 52. Nd2+ Kb4 53. Nc4 a4 54. h4 Bg4 55. Ne3 Bf3 56. Nc4 Bd1 57. Ne3 a3 58. Nd5+ Kb3 59. Nc3 Bg4 60. f6 Bh5 61. Kd3 a2 62. Nxa2 Kxa2 63. Ke3 Kb3 64. Kf4 Kc4 65. Kg5 Be2 66. Kh6 Kd5 0-1

[Event "ESTCC-65 2025"]
[Site "Swidnica"]
[Date "2025.04.12"]
[Round "8.8"]
[White "Baker, Chris W"]
[Black "Vogel, Robert"]
[Result "1/2-1/2"]
[Annotator "ChessBase"]
[ECO "B31"]
[WhiteElo "2151"]
[BlackElo "2145"]
[PlyCount "38"]
[EventDate "2025.04.05"]
[EventType "team-tourn"]
[EventCountry "POL"]
[SourceTitle "playchess.com"]
[Source "ChessBase"]
[SourceQuality "1"]
[WhiteTeam "England"]
[BlackTeam "Germany"]
[WhiteTeamCountry "ENG"]
[BlackTeamCountry "GER"]
[TimeControl "40/5400+30:1800+30"]

1. e4 c5 2. Nf3 Nc6 3. Bb5 g6 4. O-O Bg7 5. Re1 e5 6. Bxc6 dxc6 7. d3 Ne7 8. a4 O-O 9. Be3 b6 10. a5 Rb8 11. axb6 axb6 12. Qc1 f6 13. Bh6 g5 14. Bxg7 Kxg7 15. Ra7 Rb7 16. Rxb7 Bxb7 17. Nc3 Ng6 18. Ne2 Nf4 19. Nxf4 gxf4 1/2-1/2

[Event "ESTCC-65 2025"]
[Site "Swidnica"]
[Date "2025.04.12"]
[Round "8.9"]
[White "Westerinen, Heikki M.J."]
[Black "Beilfuss, Wilfried"]
[Result "1/2-1/2"]
[Annotator "ChessBase"]
[ECO "B30"]
[WhiteElo "2209"]
[BlackElo "2070"]
[PlyCount "54"]
[EventDate "2025.04.05"]
[EventType "team-tourn"]
[EventCountry "POL"]
[SourceTitle "playchess.com"]
[Source "ChessBase"]
[SourceQuality "1"]
[WhiteTeam "Finland"]
[BlackTeam "Germany"]
[WhiteTeamCountry "FIN"]
[BlackTeamCountry "GER"]
[TimeControl "40/5400+30:1800+30"]

1. e4 c5 2. Nf3 Nc6 3. Bb5 Nf6 4. e5 Nd5 5. O-O g6 6. Nc3 Nc7 7. Re1 Bg7 8. Bc4 O-O 9. d3 Ne6 10. Nd5 d6 11. exd6 Qxd6 12. a4 b6 13. Ng5 Nxg5 14. Bxg5 e5 15. c3 Be6 16. Qf3 f5 17. Rad1 Rae8 18. Bc1 h6 19. Ne3 Rd8 20. Bb5 Bd7 21. Qd5+ Qxd5 22. Nxd5 Kh7 23. f4 Rfe8 24. fxe5 Nxe5 25. Bxd7 Nxd7 26. Bf4 Nf6 27. Nxf6+ Bxf6 1/2-1/2

[Event "ESTCC-65 2025"]
[Site "Swidnica"]
[Date "2025.04.12"]
[Round "8.10"]
[White "Woestmann, Hans-Joachim"]
[Black "Joentausta, Hannu"]
[Result "1-0"]
[Annotator "NA"]
[ECO "D58"]
[WhiteElo "2029"]
[BlackElo "2081"]
[PlyCount "93"]
[EventDate "2025.04.05"]
[EventType "team-tourn"]
[EventCountry "POL"]
[SourceTitle "playchess.com"]
[Source "ChessBase"]
[SourceQuality "1"]
[WhiteTeam "Germany"]
[BlackTeam "Finland"]
[WhiteTeamCountry "GER"]
[BlackTeamCountry "FIN"]
[TimeControl "40/5400+30:1800+30"]

1. Nf3 Nf6 2. c4 e6 3. Nc3 d5 4. d4 Be7 5. Bg5 O-O 6. e3 h6 7. Bh4 b6 8. Be2 Bb7 9. Bxf6 Bxf6 10. cxd5 exd5 11. Qb3 Re8 12. O-O c6 13. Rad1 Qc8 14. Rfe1 Nd7 15. e4 dxe4 16. Bc4 Rf8 17. Nxe4 Be7 18. Ng3 Bf6 19. Nf5 b5 20. Bxf7+ Kh8 21. Bg6 Qc7 22. Re6 Nb6 23. Ne5 Nd5 24. Qg3 Rad8 25. Nxc6 Rc8 26. Nxa7 Ra8 27. Nxb5 Qd7 28. Rxf6 Nxf6 29. Nc3 Nd5 30. Nh4 Nf4 31. Bb1 Rf6 32. Ng6+ Nxg6 33. Bxg6 Raf8 34. f3 Qe7 35. Be4 Qb4 36. Bxb7 Qxb7 37. b3 Rd8 38. Qf2 Qb6 39. d5 Qa5 40. Qd4 Rc8 41. Ne4 Rf7 42. Nd6 Qc7 43. Nxf7+ Qxf7 44. d6 Qd7 45. Re1 Rc6 46. Re7 Qxd6 47. Qxg7# 1-0

[Event "ESTCC-65 2025"]
[Site "Swidnica"]
[Date "2025.04.12"]
[Round "8.12"]
[White "Becker, Norbert"]
[Black "Patola, Eero"]
[Result "1-0"]
[Annotator "NA"]
[ECO "A10"]
[WhiteElo "2032"]
[BlackElo "1872"]
[PlyCount "51"]
[EventDate "2025.04.05"]
[EventType "team-tourn"]
[EventCountry "POL"]
[SourceTitle "playchess.com"]
[Source "ChessBase"]
[SourceQuality "1"]
[WhiteTeam "Germany"]
[BlackTeam "Finland"]
[WhiteTeamCountry "GER"]
[BlackTeamCountry "FIN"]
[TimeControl "40/5400+30:1800+30"]

1. c4 f5 2. Nf3 Nf6 3. g3 g6 4. Bg2 Bg7 5. Nc3 d6 6. d3 c6 7. Rb1 O-O 8. b4 h6 9. O-O Qe8 10. b5 c5 11. Nd2 Nbd7 12. f4 Rb8 13. Nb3 b6 14. Bc6 Qd8 15. Qe1 Bb7 16. e4 fxe4 17. Nxe4 a5 18. Nc3 Re8 19. Qe6+ Kh7 20. Bb2 Nf8 21. Qf7 Bxc6 22. bxc6 Qc8 23. Rfe1 e6 24. Ne4 Qxc6 25. Nxf6+ Kh8 26. Qg8# 1-0

[Event "ESTCC-65 2025"]
[Site "Swidnica"]
[Date "2025.04.12"]
[Round "8.13"]
[White "Rooze, Jan"]
[Black "Janocha, Wieslaw"]
[Result "1-0"]
[Annotator "ChessBase"]
[ECO "B52"]
[WhiteElo "2198"]
[BlackElo "2186"]
[PlyCount "65"]
[EventDate "2025.04.05"]
[EventType "team-tourn"]
[EventCountry "POL"]
[SourceTitle "playchess.com"]
[Source "ChessBase"]
[SourceQuality "1"]
[WhiteTeam "Belgium"]
[BlackTeam "Poland"]
[WhiteTeamCountry "BEL"]
[BlackTeamCountry "POL"]
[TimeControl "40/5400+30:1800+30"]

1. e4 c5 2. Nf3 d6 3. Bb5+ Bd7 4. c4 g6 5. d4 cxd4 6. Qxd4 Nf6 7. e5 dxe5 8. Nxe5 Bxb5 9. Qxd8+ Kxd8 10. cxb5 Ke8 11. Nc3 e6 12. O-O Nbd7 13. Nxd7 Nxd7 14. Rd1 Nc5 15. Be3 Be7 16. Rac1 Rd8 17. Rxd8+ Kxd8 18. b4 Nd7 19. a3 b6 20. Ne2 Bf6 21. a4 Be7 22. Nd4 Nb8 23. Bf4 Bf6 24. Nxe6+ fxe6 25. Bxb8 Kd7 26. Rc7+ Kd6 27. Rb7+ Kd5 28. Bxa7 Ra8 29. a5 Kc4 30. Bxb6 Kxb4 31. g3 h5 32. Bc7 Bd4 33. a6 1-0

[Event "ESTCC-65 2025"]
[Site "Swidnica"]
[Date "2025.04.12"]
[Round "8.14"]
[White "Zyla, Janusz"]
[Black "Goormachtigh, Johan"]
[Result "0-1"]
[Annotator "ChessBase"]
[ECO "B48"]
[WhiteElo "2181"]
[BlackElo "2207"]
[PlyCount "70"]
[EventDate "2025.04.05"]
[EventType "team-tourn"]
[EventCountry "POL"]
[SourceTitle "playchess.com"]
[Source "ChessBase"]
[SourceQuality "1"]
[WhiteTeam "Poland"]
[BlackTeam "Belgium"]
[WhiteTeamCountry "POL"]
[BlackTeamCountry "BEL"]
[TimeControl "40/5400+30:1800+30"]

1. e4 c5 2. Nf3 e6 3. d4 cxd4 4. Nxd4 Nc6 5. Nc3 Qc7 6. Be3 a6 7. Qf3 Nf6 8. O-O-O Ne5 9. Qg3 b5 10. f4 Neg4 11. Bg1 b4 12. Na4 h5 13. Bd3 Bb7 14. h3 Nh6 15. Qe3 d5 16. e5 Ne4 17. Bxe4 dxe4 18. Qe2 h4 19. Bf2 Be7 20. Nb3 Nf5 21. Nb6 Rd8 22. Rxd8+ Bxd8 23. Bc5 Be7 24. Bf2 e3 25. Bxe3 Ng3 26. Qd1 Nxh1 27. Qxh1 Be4 28. Na1 O-O 29. Qf1 a5 30. Qf2 a4 31. g3 a3 32. Bd4 Rd8 33. g4 Bh7 34. f5 Bg5+ 35. Kb1 Qxb6 0-1